BSA
AUSTIN RIVER SHARKS @ HOUSTON MARSHALS
05/31/2028
 
TOP OF THE 1ST
Austin River Sharks batting - Pitching for Houston Marshals : LHP Stan Aldridge
Pitching: LHP Stan Aldridge
Batting: RHB Todd Bryant 0-0: Fly out, F8 (Flyball, 8LS)
Batting: RHB Richard Coker 0-0: SINGLE (Groundball, 23) (infield hit)
Batting: LHB Greg Nelson 0-0: Fly out, F8 (Flyball, 8LS)
Batting: RHB Manny Copriviza 0-0: SINGLE (Groundball, 56D)
Richard Coker to second
Batting: LHB Harry Pitts 0-0: Called Strike
0-1: Foul Ball, location: 2F
0-2: Foul Ball, location: 2F
0-2: Foul Ball, location: 2F
0-2: Fielders Choice at 2nd, 6-4 (Groundball, 6)
Top of the 1st over - 0 run(s), 2 hit(s), 0 error(s), 1 left on base; Austin 0 - Houston 0
BOTTOM OF THE 1ST
Houston Marshals batting - Pitching for Austin River Sharks : RHP Carlos Hernández
Pitching: RHP Carlos Hernández
Batting: LHB John Peterson 0-0: Ball
1-0: Fly out, F3 (Popup, 3S)
Batting: SHB Ramón Lugo 0-0: Ball
1-0: Called Strike
1-1: Foul Ball, location: 2F
1-2: Ball
2-2: Foul Ball, location: 2F
2-2: Ball
3-2: Foul Ball, location: 2F
3-2: Fly out, F7 (Flyball, 78D)
Batting: RHB Chris Parker 0-0: Foul Ball, location: 2F
0-1: Foul Ball, location: 2F
0-2: Ball
1-2: Ground out 3-1 (Groundball, 34)
Bottom of the 1st over - 0 run(s), 0 hit(s), 0 error(s), 0 left on base; Austin 0 - Houston 0
TOP OF THE 2ND
Austin River Sharks batting - Pitching for Houston Marshals : LHP Stan Aldridge
Batting: RHB Carlos Guzmán 0-0: Ball
1-0: Foul Ball, location: 2F
1-1: Swinging Strike
1-2: SINGLE (Line Drive, 7LS)
Batting: LHB José Liñares 0-0: Ground out 4-3 (Groundball, 4D)
Carlos Guzmán to second
Batting: RHB Eric Neal 0-0: Called Strike
0-1: SINGLE (Groundball, 6) (infield hit)
Carlos Guzmán to third
Batting: RHB Teddy Bates 0-0: Called Strike
0-1: Swinging Strike
0-2: Ball
1-2: Ball
Eric Neal steals 2nd base
2-2: Strikes out swinging
Batting: RHB Todd Bryant 0-0: Ground out 3-1 (Groundball, 34S)
Top of the 2nd over - 0 run(s), 2 hit(s), 0 error(s), 2 left on base; Austin 0 - Houston 0
BOTTOM OF THE 2ND
Houston Marshals batting - Pitching for Austin River Sharks : RHP Carlos Hernández
Batting: LHB José Rodríguez 0-0: Foul Ball, location: 2F
0-1: Ball
1-1: Swinging Strike
1-2: Ball
2-2: SOLO HOME RUN (Flyball, 8RXD), Distance : 427 ft
Batting: LHB Lewis Barr 0-0: Ball
1-0: Foul Ball, location: 2F
1-1: Ball
2-1: Ball
3-1: Ground out 6-3 (Groundball, 6S)
Batting: SHB Álex Rosado 0-0: Ball
1-0: SINGLE (Groundball, 6D)
Batting: RHB Gustavo Díaz 0-0: Hit by Pitch
Álex Rosado to second
Batting: RHB Jim Tracy 0-0: Ball
1-0: Called Strike
1-1: Ball
2-1: Foul Ball, location: 2F
2-2: Foul Ball, location: 2F
2-2: Ground out U3 (Groundball, 34S)
Álex Rosado to third
Gustavo Díaz to second
Batting: RHB Alberto Velásquez 0-0: Called Strike
0-1: Foul Ball, location: 2F
0-2: Ball
1-2: Ball
2-2: Ball
3-2: Base on Balls
Batting: LHB John Peterson 0-0: Ball
1-0: Swinging Strike
1-1: Ball
2-1: Ball
3-1: Foul Ball, location: 2F
3-2: Base on Balls
Álex Rosado scores
Gustavo Díaz to third
Alberto Velásquez to second
Batting: SHB Ramón Lugo 0-0: Ball
1-0: Ball
2-0: Ball
Wild Pitch!
Gustavo Díaz scores
Alberto Velásquez to third
John Peterson to second
3-0: Called Strike
3-1: Fly out, F8 (Flyball, 8LM)
Bottom of the 2nd over - 3 run(s), 2 hit(s), 0 error(s), 2 left on base; Austin 0 - Houston 3
TOP OF THE 3RD
Austin River Sharks batting - Pitching for Houston Marshals : LHP Stan Aldridge
Batting: RHB Richard Coker 0-0: Ball
1-0: Ball
2-0: Ball
3-0: Called Strike
3-1: Called Strike
3-2: Ground out 5-3 (Groundball, 56)
Batting: LHB Greg Nelson 0-0: Called Strike
0-1: Ground out U3 (Groundball, 34)
Batting: RHB Manny Copriviza 0-0: Foul Ball, location: 2F
0-1: Fly out, F7 (Flyball, 78S)
Top of the 3rd over - 0 run(s), 0 hit(s), 0 error(s), 0 left on base; Austin 0 - Houston 3
BOTTOM OF THE 3RD
Houston Marshals batting - Pitching for Austin River Sharks : RHP Carlos Hernández
Batting: RHB Chris Parker 0-0: Ball
1-0: Foul Ball, location: 2F
1-1: Ball
2-1: Ball
3-1: Foul Ball, location: 2F
3-2: SINGLE (Line Drive, 7LS)
Batting: LHB José Rodríguez 0-0: Swinging Strike
0-1: Ball
1-1: Called Strike
1-2: Ball
2-2: Ball
3-2: Foul Ball, location: 2F
3-2: Strikes out swinging
Batting: LHB Lewis Barr 0-0: Called Strike
0-1: Called Strike
0-2: Ball
1-2: Grounds into double play, 5-4-3 (Groundball, 5L)
Bottom of the 3rd over - 0 run(s), 1 hit(s), 0 error(s), 0 left on base; Austin 0 - Houston 3
TOP OF THE 4TH
Austin River Sharks batting - Pitching for Houston Marshals : LHP Stan Aldridge
Batting: LHB Harry Pitts 0-0: SINGLE (Groundball, 4MD)
Batting: RHB Carlos Guzmán 0-0: Called Strike
0-1: Grounds into double play, 4-6-3 (Groundball, 4)
Batting: LHB José Liñares 0-0: Fly out, F5 (Popup, 5D)
Top of the 4th over - 0 run(s), 1 hit(s), 0 error(s), 0 left on base; Austin 0 - Houston 3
BOTTOM OF THE 4TH
Houston Marshals batting - Pitching for Austin River Sharks : RHP Carlos Hernández
Batting: SHB Álex Rosado 0-0: Ground out 1-3 (Groundball, 13S)
Batting: RHB Gustavo Díaz 0-0: Ball
1-0: Called Strike
1-1: Ball
2-1: Fly out, F8 (Flyball, 8LM)
Batting: RHB Jim Tracy 0-0: Called Strike
0-1: Ball
1-1: SINGLE (Groundball, 3D)
Batting: RHB Alberto Velásquez 0-0: Ball
1-0: Swinging Strike
1-1: Foul Ball, location: 2F
1-2: Fielders Choice at 2nd, 6-4 (Groundball, 6)
Bottom of the 4th over - 0 run(s), 1 hit(s), 0 error(s), 0 left on base; Austin 0 - Houston 3
TOP OF THE 5TH
Austin River Sharks batting - Pitching for Houston Marshals : LHP Stan Aldridge
Batting: RHB Eric Neal 0-0: Foul Ball, location: 2F
0-1: Ball
1-1: Called Strike
1-2: Strikes out looking
Batting: RHB Teddy Bates 0-0: Called Strike
0-1: Foul Ball, location: 2F
0-2: Ball
1-2: Foul Ball, location: 2F
1-2: Ball
2-2: Foul Ball, location: 2F
2-2: Ball
3-2: Strikes out swinging
Batting: RHB Todd Bryant 0-0: Called Strike
0-1: SINGLE (Groundball, 6MD)
Batting: RHB Richard Coker 0-0: Called Strike
Throwing error on steal attempt, E2
Todd Bryant to third
0-1: Swinging Strike
0-2: Foul Ball, location: 2F
0-2: Ball
1-2: Foul Ball, location: 2F
1-2: Foul Ball, location: 2F
1-2: Ground out 4-3 (Groundball, 4)
Top of the 5th over - 0 run(s), 1 hit(s), 1 error(s), 1 left on base; Austin 0 - Houston 3
BOTTOM OF THE 5TH
Houston Marshals batting - Pitching for Austin River Sharks : RHP Carlos Hernández
Batting: LHB John Peterson 0-0: Called Strike
0-1: Ball
1-1: Called Strike
1-2: Strikes out swinging
Batting: SHB Ramón Lugo 0-0: Foul Ball, location: 2F
0-1: Swinging Strike
0-2: Ball
1-2: SINGLE (Flyball, 78S)
Batting: RHB Chris Parker 0-0: Ball
1-0: Foul Ball, location: 2F
1-1: Grounds into double play, 5-4-3 (Groundball, 56)
Bottom of the 5th over - 0 run(s), 1 hit(s), 0 error(s), 0 left on base; Austin 0 - Houston 3
TOP OF THE 6TH
Austin River Sharks batting - Pitching for Houston Marshals : LHP Stan Aldridge
Batting: LHB Greg Nelson 0-0: Swinging Strike
0-1: Ground out 4-3 (Groundball, 4)
Batting: RHB Manny Copriviza 0-0: Fly out, F7 (Flyball, 7D)
Batting: LHB Harry Pitts 0-0: Called Strike
0-1: Ball
1-1: Foul Ball, location: 2F
1-2: Foul Ball, location: 2F
1-2: Ball
2-2: Foul Ball, location: 2F
2-2: SINGLE (Groundball, 6D)
Batting: RHB Carlos Guzmán 0-0: Called Strike
0-1: Ball
1-1: SINGLE (Line Drive, 34)
Harry Pitts to second
Runner from 2nd tries for 3rd, SAFE, throw made to third
Batting: LHB José Liñares 0-0: Swinging Strike
0-1: Swinging Strike
0-2: Ball
1-2: Foul Ball, location: 2F
1-2: Foul Ball, location: 2F
1-2: Ball
2-2: Strikes out looking
Top of the 6th over - 0 run(s), 2 hit(s), 0 error(s), 2 left on base; Austin 0 - Houston 3
BOTTOM OF THE 6TH
Houston Marshals batting - Pitching for Austin River Sharks : RHP Carlos Hernández
Batting: LHB José Rodríguez 0-0: Foul Ball, location: 2F
0-1: Ball
1-1: Foul Ball, location: 2F
1-2: Strikes out swinging
Batting: LHB Lewis Barr 0-0: Called Strike
0-1: Swinging Strike
0-2: Foul Ball, location: 2F
0-2: Ball
1-2: Strikes out swinging
Batting: SHB Álex Rosado 0-0: Called Strike
0-1: Ball
1-1: Ball
2-1: Foul Ball, location: 2F
2-2: Strikes out swinging
Bottom of the 6th over - 0 run(s), 0 hit(s), 0 error(s), 0 left on base; Austin 0 - Houston 3
TOP OF THE 7TH
Austin River Sharks batting - Pitching for Houston Marshals : LHP Stan Aldridge
Batting: RHB Eric Neal 0-0: Called Strike
0-1: Foul Ball, location: 2F
0-2: Ball
1-2: Fly out, F7 (Flyball, 7)
Batting: RHB Teddy Bates 0-0: Ball
1-0: Foul Ball, location: 2F
1-1: Ground out 5-3 (Groundball, 5)
Batting: RHB Todd Bryant 0-0: SINGLE (Flyball, 7S)
Batting: RHB Richard Coker 0-0: Fly out, F7 (Line Drive, 7S)
Top of the 7th over - 0 run(s), 1 hit(s), 0 error(s), 1 left on base; Austin 0 - Houston 3
BOTTOM OF THE 7TH
Houston Marshals batting - Pitching for Austin River Sharks : RHP Carlos Hernández
Pitching: LHP António Bueno
Batting: RHB Gustavo Díaz 0-0: Ball
1-0: Ground out 4-3 (Groundball, 4S)
Batting: RHB Jim Tracy 0-0: Ball
1-0: Fly out, F8 (Flyball, 8RM)
Batting: RHB Alberto Velásquez 0-0: Swinging Strike
0-1: Foul Ball, location: 2F
0-2: Foul Ball, location: 2F
0-2: Strikes out swinging
Bottom of the 7th over - 0 run(s), 0 hit(s), 0 error(s), 0 left on base; Austin 0 - Houston 3
TOP OF THE 8TH
Austin River Sharks batting - Pitching for Houston Marshals : LHP Stan Aldridge
Batting: LHB Greg Nelson 0-0: Ground out 6-3 (Groundball, 6)
Batting: RHB Manny Copriviza 0-0: Called Strike
0-1: Called Strike
0-2: Fly out, F7 (Flyball, 7LMF)
Batting: LHB Harry Pitts 0-0: Ball
1-0: Ball
2-0: Called Strike
2-1: Fly out, F8 (Flyball, 8LS)
Top of the 8th over - 0 run(s), 0 hit(s), 0 error(s), 0 left on base; Austin 0 - Houston 3
BOTTOM OF THE 8TH
Houston Marshals batting - Pitching for Austin River Sharks : LHP António Bueno
Batting: LHB John Peterson 0-0: Ball
1-0: Called Strike
1-1: Foul Ball, location: 2F
1-2: Ball
2-2: SINGLE (Groundball, 34D)
Batting: SHB Ramón Lugo 0-0: Sac Bunt - play at first, batter OUT! 5-3
John Peterson to second
Batting: RHB Chris Parker 0-0: Intentional Walk
Batting: LHB José Rodríguez 0-0: Called Strike
0-1: Ball
1-1: Foul Ball, location: 2F
1-2: Strikes out swinging
Batting: LHB Lewis Barr 0-0: Called Strike
0-1: Swinging Strike
0-2: Ball
1-2: Ball
2-2: Foul Ball, location: 2F
2-2: Ball
3-2: Strikes out swinging
Bottom of the 8th over - 0 run(s), 1 hit(s), 0 error(s), 2 left on base; Austin 0 - Houston 3
TOP OF THE 9TH
Austin River Sharks batting - Pitching for Houston Marshals : LHP Stan Aldridge
Pitching: RHP Pablo Cabral
Batting: RHB Carlos Guzmán 0-0: Ball
1-0: Reached on error, E3 (Groundball, 34)
Batting: LHB José Liñares 0-0: Swinging Strike
0-1: Swinging Strike
0-2: Ball
1-2: Ball
2-2: Strikes out swinging
Batting: RHB Eric Neal 0-0: Called Strike
0-1: Foul Ball, location: 2F
0-2: Foul Ball, location: 2F
0-2: Foul Ball, location: 2F
0-2: DOUBLE (Groundball, 5L)
Carlos Guzmán to third
Runner from 3rd tries for Home, SAFE, no throw
Batting: RHB Teddy Bates 0-0: Foul Ball, location: 2F
0-1: Foul Ball, location: 2F
0-2: Foul Ball, location: 2F
0-2: Foul Ball, location: 2F
0-2: Ball
1-2: Strikes out looking
Pinch Hitting: LHB Enrico Vargas 0-0: DOUBLE (Line Drive, 9LM)
Eric Neal scores
Pitching: LHP Alfonso Ramos
Batting: RHB Richard Coker 0-0: Called Strike
0-1: Ball
1-1: Ball
2-1: Ball
3-1: Ground out 4-3 (Groundball, 4)
Top of the 9th over - 2 run(s), 2 hit(s), 1 error(s), 1 left on base; Austin 2 - Houston 3
Tuesday, August 8th, 2017 - OOTP Baseball 17.12 Build 75